 Dungeon Crawl Stone Soup version 0.24-a0-699-g5a66b1aa3b (webtiles) character file.

Game seed: 8675959508853783383, levelgen mode: deterministic

9838 Newrome1105 the Protected (level 11, -7/102 HPs)
             Began as a Minotaur Fighter on Sept 29, 2019.
             Was a High Priest of Okawaru.
             Mangled by Snorg (10 damage)
             ... on level 11 of the Dungeon.
             The game lasted 00:49:52 (11480 turns).

Newrome1105 the Protected (Minotaur Fighter)       Turns: 11480, Time: 00:49:53

Health: -7/102     AC: 15    Str: 25    XL:     11   Next: 28%
Magic:  0/10       EV: 12    Int:  5    God:    Okawaru [*****.]
Gold:   483        SH: 10    Dex:  9    Spells: 10/10 levels left

rFire    . . .     SeeInvis .   a - +0 flail
rCold    . . .     Gourm    .   c - +0 shield
rNeg     . . .     Faith    .   j - +0 plate armour
rPois    +         Spirit   +   (helmet restricted)
rElec    .         Reflect  .   (no cloak)
rCorr    .         Harm     .   (no gloves)
MR       .....                  (no boots)
Stlth    ..........             i - amulet of guardian spirit
HPRegen  0.27/turn              y - ring of poison resistance
MPRegen  0.12/turn              D - +4 ring of evasion

@: no status effects
A: retaliatory headbutt, horns 2
a: Heroism, Finesse, Renounce Religion


You were on level 11 of the Dungeon.
You worshipped Okawaru.
Okawaru was extremely pleased with you.
You were hungry.

You visited 2 branches of the dungeon, and saw 13 of its levels.

You collected 483 gold pieces.

Inventory:

Hand Weapons
 a - a +0 flail (weapon)
 A - a +1 vampiric halberd
Armour
 c - a +0 shield (worn)
 j - a +0 plate armour (worn)
Jewellery
 b - a +6 ring of intelligence
 i - an amulet of guardian spirit (around neck)
 m - an uncursed ring of protection from magic
 p - an uncursed ring of magical power
 y - a ring of poison resistance (left hand)
 D - a +4 ring of evasion (right hand)
 J - an uncursed ring of wizardry {unknown}
Wands
 k - a wand of flame (21)
 B - a wand of acid (2)
 H - a wand of scattershot (7)
Scrolls
 g - 9 scrolls of remove curse
 h - 3 scrolls of fog
 o - 2 scrolls of enchant armour {unknown}
 r - a scroll of teleportation
 t - a scroll of fear {unknown}
 u - a scroll of amnesia {unknown}
 v - 3 scrolls of enchant weapon {unknown}
 x - 12 scrolls of identify
 z - 2 scrolls of blinking {unknown}
 F - a scroll of summoning {unknown}
 G - a scroll of magic mapping {unknown}
 I - a scroll of immolation {unknown}
Potions
 d - 2 potions of invisibility {unknown}
 e - a potion of haste {unknown}
 l - 3 potions of brilliance
 n - 5 potions of curing
 q - a potion of ambrosia {unknown}
 s - 2 potions of degeneration {unknown}
 w - 3 potions of mutation
 C - 2 potions of agility {unknown}
 E - a potion of magic {unknown}
Comestibles
 f - 9 rations


   Skills:
 * Level 11.4 Fighting
 * Level 11.5 Maces & Flails
 * Level 11.7 Armour
 + Level 6.7 Dodging
 - Level 0.2 Stealth
 - Level 5.5 Shields


You had 10 spell levels left.
You didn't know any spells.
Your spell library contained the following spells:

 Spells                   Type           Power        Failure   Level  Hunger
 Magic Dart               Conj           #...         100%        1    ##.....
 Blink                    Tloc           N/A          100%        2    ###....
 Call Imp                 Summ           #.......     100%        2    ###....
 Slow                     Hex            #.......     100%        2    ###....
 Conjure Flame            Conj/Fire      #.......     100%        3    ####...
 Mephitic Cloud           Conj/Pois/Air  #.......     100%        3    ####...


Dungeon Overview and Level Annotations

Branches:
Dungeon (12/15)            Temple (1/1) D:6            Lair (0/6) D:8
    Orc (0/2) D:10

Altars:
Ashenzari
Cheibriados
Dithmenos
Elyvilon
Fedhas
Gozag
Hepliaklqana
Kikubaaqudgha
Makhleb
Nemelex Xobeh
Okawaru
Qazlal
Ru
Sif Muna
Trog
Uskayaw
Vehumet
Wu Jian
Xom
Yredelemnul
Zin
The Shining One
Beogh

Annotations:
D:5 3 runed translucent doors, 1 exclusion, PeterQ's ghost, novice GnWn
D:11 Snorg


Innate Abilities, Weirdness & Mutations

You reflexively headbutt those who attack you in melee.
You have a pair of horns on your head.


Message History

Snorg is lightly wounded.
You block Snorg's attack. Snorg barely misses you.
Snorg claws you but does no damage.
You sock Snorg!
Snorg is moderately wounded.
Snorg barely misses you. You block Snorg's attack. x2
Snorg bites you but does no damage. Snorg barely misses you.
You block Snorg's attack.
You hit Snorg.
Snorg is moderately wounded.
Snorg closely misses you. You block Snorg's attack. Snorg barely misses you.
You thump Snorg! You headbutt Snorg.
Snorg is moderately wounded.
Snorg closely misses you. Snorg claws you!
* * * LOW HITPOINT WARNING * * *
Snorg barely misses you.
You hit Snorg but do no damage.
Snorg is moderately wounded.
You block Snorg's attack. Snorg claws you!
You die...

# # # ####### #
##.....#### #
##.........##
##...#######.##
##...#..≈≈≈..#.###
#@..#..≈...≈..#.#.
#(T#...≈._.≈...#..
#.(.#..≈.((≈(.#.#.
#.(.(#..≈≈≈..#.##.
#.....#######..##.
#..............##.
########.#####..'.
#.# ####^ ##.# ##


You could see Snorg (berserk).

Vanquished Creatures
  2 two-headed ogres
  3 death yaks (D:8)
  2 cyclopes (D:11)
  A merfolk (D:11)
  2 hornets
  Grinder (D:5)
  4 slime creatures
  A wyvern (D:7)
  A hungry ghost (D:9)
  A steam dragon (D:11)
  A basilisk (D:11)
  A porcupine (D:8)
  A black bear (D:8)
  3 orc warriors
  4 ice beasts
  2 phantoms
  3 ogres
  5 centaurs
  5 bullfrogs
  A gnoll sergeant (D:8)
  2 scorpions
  13 killer bees
  3 crimson imps
  A bullfrog zombie (D:6)
  A quasit (D:7)
  4 hounds
  2 jellies
  6 orc priests
  An iguana (D:7)
  7 orc wizards
  A hell rat (D:8)
  A worker ant (D:7)
  A hound skeleton (D:4)
  A worker ant zombie (D:5)
  A howler monkey skeleton (D:6)
  9 gnolls
  8 adders
  A river rat (D:8)
  An ooze (D:1)
  2 adder zombies
  3 worms
  2 dart slugs (D:1)
  2 leopard geckos
  35 orcs
  A ball python (D:3)
  2 giant cockroaches
  4 goblins
  6 hobgoblins
  6 jackals
  6 kobolds
  4 quokkas
  9 bats
  4 frilled lizards
  A leopard gecko zombie (D:9)
  5 rats
200 creatures vanquished.

Vanquished Creatures (others)
  A bullfrog (D:11)
  A bush (D:8)
  5 plants (D:8)
7 creatures vanquished.

Grand Total: 207 creatures vanquished

Notes
Turn   | Place    | Note
-------+----------+-------------------------------------------
     0 | D:1      | Newrome1105 the Minotaur Fighter began the quest for the
                  | Orb.
     0 | D:1      | Reached XP level 1. HP: 19/19 MP: 0/0
   120 | D:1      | Reached XP level 2. HP: 27/27 MP: 1/1
   556 | D:1      | Reached XP level 3. HP: 33/33 MP: 2/2
  1127 | D:2      | Reached XP level 4. HP: 41/41 MP: 3/3
  2729 | D:5      | Entered Level 5 of the Dungeon
  2829 | D:5      | Reached XP level 5. HP: 36/47 MP: 4/4
  2844 | D:5      | Noticed a centaur
  2853 | D:5      | Killed a centaur
  2853 | D:5      | Reached skill level 5 in Armour
  2917 | D:5      | Reached skill level 5 in Shields
  2917 | D:5      | Reached XP level 6. HP: 49/55 MP: 5/5
  3147 | D:5      | Noticed an ice beast
  3339 | D:5      | Reached skill level 5 in Maces & Flails
  3661 | D:5      | Reached skill level 5 in Fighting
  3798 | D:5      | Reached XP level 7. HP: 61/61 MP: 6/6
  3801 | D:5      | Noticed Grinder
  3831 | D:5      | Killed Grinder
  3831 | D:5      | Reached skill level 1 in Dodging
  4039 | D:5      | Noticed PeterQ's ghost (novice GnWn)
  4040 | D:5      | Found a runed translucent gate.
  4040 | D:5      | Found a runed translucent gate.
  4040 | D:5      | Found a runed translucent gate.
  4040 | D:5      | Identified the +10 dagger "Vept" {freeze, Dex+3 Stlth+}
  4041 | D:5      | Found a roughly hewn altar of Beogh.
  4700 | D:6      | Reached XP level 8. HP: 61/70 MP: 7/7
  5116 | D:6      | Found a staircase to the Ecumenical Temple.
  5133 | Temple   | Entered the Ecumenical Temple
  5505 | Temple   | Became a worshipper of Warmaster Okawaru
  5814 | D:7      | Noticed a two-headed ogre
  5824 | D:7      | Killed a two-headed ogre
  5824 | D:7      | Reached * piety under Okawaru
  5972 | D:7      | Reached XP level 9. HP: 75/80 MP: 8/8
  6381 | D:7      | Found a glowing silver altar of Zin.
  6382 | D:7      | Noticed an angel
  6903 | D:7      | Reached ** piety under Okawaru
  7659 | D:8      | Noticed a death yak
  7689 | D:8      | Killed a death yak
  7689 | D:8      | Reached *** piety under Okawaru
  7689 | D:8      | Reached skill level 5 in Dodging
  7714 | D:8      | Noticed a death yak
  7718 | D:8      | Noticed a death yak
  7735 | D:8      | Killed a death yak
  7735 | D:8      | Reached **** piety under Okawaru
  7735 | D:8      | Reached skill level 10 in Armour
  7735 | D:8      | Reached XP level 10. HP: 54/92 MP: 2/9
  8105 | D:8      | Reached skill level 10 in Maces & Flails
  8430 | D:8      | Found a blossoming altar of Fedhas.
  8461 | D:8      | Reached skill level 10 in Fighting
  8502 | D:8      | Found a staircase to the Lair.
  8829 | D:10     | Entered Level 10 of the Dungeon
  8879 | D:9      | Noticed a two-headed ogre
  9099 | D:8      | Killed a death yak
  9099 | D:8      | Reached ***** piety under Okawaru
  9290 | D:9      | Killed a two-headed ogre
  9971 | D:9      | Reached XP level 11. HP: 81/102 MP: 10/10
 10366 | D:10     | Found a staircase to the Orcish Mines.
 10389 | D:10     | Noticed Snorg
 10465 | D:11     | Found a sacrificial altar of Ru.
 11479 | D:11     | HP: 3/102 [Snorg (14)]
 11480 | D:11     | Mangled by Snorg

Levels and vault maps discovered:
D:1:      wander_arrival_lonely_grave, layout_basic
D:2:      minmay_inner_zag, layout_basic
D:3:      layout_basic, kennysheep_pointless_box, minmay_diced_spiral
D:4:      layout_basic
D:5:      layout_loops_ring, biasface_ghost_orc_armoury, first_ration,
          uniq_grinder
D:6:      layout_loops_ring, temple_fountains
D:7:      minmay_chambers_of_fours, layout_layer_cave, zin_angel
D:8:      layout_loops_ring, dpeg_lair_monsters, fedhas_ov_isle_minmay
D:9:      layout_loops_ring
D:10:     layout_basic, erik_orc_4, uniq_snorg, uniq_gastronok
D:11:     layout_roguey, hangedman_fish_farm, nicolae_ru_awakened_eye
D:12:     layout_layer_cave, minmay_checkered_concentric_circles, uniq_josephine
Temple:   roderic_octagonal_lattice_temple

Skill      XL: |  1  2  3  4  5  6  7  8  9 10 |
---------------+-------------------------------+-----
Shields        | 4 5 |  5.5
Fighting       | 4 5 6 7 9 11 | 11.4
Armour         | 4 5 6 8 10 11 | 11.7
Maces & Flails | 3 4 5 6 8 9 11 | 11.5
Dodging        | 2 3 5 6 |  6.7
Stealth        | |  0.2

Action                   |  1- 3 |  4- 6 |  7- 9 | 10-12 || total
-------------------------+-------+-------+-------+-------++-------
Melee: Flail             |   115 |   122 |   280 |   326 ||   843
       Headbutt          |    22 |    16 |    57 |    78 ||   173
Evoke: Wand              |       |       |     5 |     3 ||     8
  Use: Scroll            |       |     7 |     1 |     1 ||     9
       Potion            |       |       |     4 |     1 ||     5
  Eat: Chunk             |       |     7 |     5 |       ||    12
       Ration            |       |     1 |     2 |     4 ||     7
Armor: Plate armour      |    95 |    64 |   126 |   106 ||   391
Dodge: Dodged            |    24 |    25 |    81 |   121 ||   251
Block: Shield            |    58 |    60 |   115 |   147 ||   380

Table legend:
 A = Non-vault XP
 B = Vault XP
 C = Vault XP percentage of total XP
 D = Non-vault monster count
 E = Vault monster count
 F = Vault count percentage of total count
                 A         B        C        D         E       F
            +---------+---------+-------+---------+---------+-------
      Total |    9769 |    4286 |  30.5 |     169 |      32 |  15.9
            +---------+---------+-------+---------+---------+-------
        D:1 |      53 |       0 |   0.0 |      27 |       0 |   0.0
        D:2 |      56 |      10 |  15.2 |      13 |       4 |  23.5
        D:3 |      39 |      11 |  22.0 |      11 |       3 |  21.4
        D:4 |      26 |       0 |   0.0 |       3 |       0 |   0.0
        D:5 |     700 |     258 |  26.9 |      19 |       1 |   5.0
        D:6 |     543 |       0 |   0.0 |      19 |       0 |   0.0
        D:7 |    1562 |     429 |  21.5 |      14 |       3 |  17.6
        D:8 |    1701 |    2837 |  62.5 |      28 |       6 |  17.6
        D:9 |    3118 |       0 |   0.0 |      25 |       0 |   0.0
       D:10 |     127 |     455 |  78.2 |       1 |      14 |  93.3
       D:11 |    1844 |     286 |  13.4 |       9 |       1 |  10.0
            +---------+---------+-------+---------+---------+-------
